AoeStats
← Chaac1706

Arabia

508768045Analyzed
1v1 RM · 10d ago on Sep 24, 2026· 55m 5s· 2 players
Game mode
Random Map
Map size
Tiny (2 player)
Population
200
Speed
Normal
Resources
Standard
Victory
Conquest
Starting age
Dark Age
Ending age
Imperial Age
RankedLock teamsTeams togetherTeam positionsShared explorationLock speedFull tech treeHidden civsTurbo modeCheats
Victory
Defeat
🇦🇷 Magyars · Argentina
1174
+17
🇨🇴 Muisca · Colombia
1188
-17
EL CARITO
5:42 Loom
8:45 Feudal Age
11:05 Double-Bit Axe
17:17 Horse Collar
21:46 Fletching
22:45 Scale Barding Armor
27:03 Castle Age
26:00 Bloodlines
29:05 Husbandry
30:12 Wheelbarrow
30:06 Gold Mining
31:18 Chain Barding Armor
31:08 Elite Skirmisher
32:15 Padded Archer Armor
32:15 Bodkin Arrow
32:41 Town Watch
35:43 Hand Cart
39:10 Bow Saw
38:52 Stone Mining
39:14 Heavy Plow
39:53 Padded Archer Armor
45:44 Leather Archer Armor
49:07 Imperial Age
47:09 Town Patrol
47:54 Gold Shaft Mining
50:36 Conscription
51:24 Chemistry
51:08 Ballistics
51:52 Two-Man Saw
51:36 Plate Barding Armor
51:02 Bracer
51:34 Ring Archer Armor
51:43 Crop Rotation
Chaac1706
6:27 Loom
8:38 Feudal Age
9:23 Horse Collar
9:31 Double-Bit Axe
9:30 Champi Runner
15:13 Wheelbarrow
17:46 Scale Mail Armor
22:39 Castle Age
21:59 Horse Collar
24:13 Chain Mail Armor
25:07 Forging
24:29 Champi Warrior
26:10 Squires
33:13 Hand Cart
46:09 Crossbowman
46:43 Fletching
47:33 Bodkin Arrow
49:02 Thumb Ring
52:39 Imperial Age
51:04 Ballistics
50:55 Padded Archer Armor
51:17 Town Watch
53:03 Arbalester
53:46 Bracer
Connection lost

Rejoining the realm…

Still unreachable

The connection could not be restored.

Session expired

The server has moved on; the page needs a fresh start.